 Dungeon Crawl Stone Soup version 0.16.0-16-g311141a (webtiles) character file.

12979 Sorcv the Unseen (level 12, -7/72 HPs)
             Began as a Kobold Assassin on Mar 19, 2015.
             Was a Believer of Ashenzari.
             Mangled by a ynoxinul (9 damage)
             ... summoned by an orc high priest
             ... on level 4 of the Orcish Mines.
             The game lasted 00:57:08 (7803 turns).

Sorcv the Unseen (Kobold Assassin)                  Turns: 7803, Time: 00:57:08

Health: -7/72      AC: -1    Str: 10      XL:     12   Next: 27%
Magic:  21/21      EV: 29    Int:  8 (9)  God:    Ashenzari [**....]
Gold:   642        SH:  0    Dex: 22      Spells: 0 memorised, 11 levels left

rFire  . . .     SeeInvis .     B - +1 short sword (drain)
rCold  . . .     Clarity  .     A - +3 robe of Clouds {+Fly rElec} (curse)
rNeg   . . .     SustAb   .     (no shield)
rPois  +         Gourm    .     w - +0 helmet (curse)
rElec  +         Spirit   .     d - +0 cloak (curse)
rCorr  .         Warding  .     G - +1 pair of gloves (curse)
rMut   .         Stasis   .     (no boots)
MR     .....                    N - amulet of regeneration (curse)
Stlth  +++++++++.               (no ring)
                                I - ring of poison resistance (curse)

@: corroded equipment, not resistant to hostile enchantments, incredibly
stealthy
A: carnivore 3
a: Renounce Religion, Evoke Flight


You were on level 4 of the Orcish Mines.
You worshipped Ashenzari.
Ashenzari was pleased with you.
You were completely stuffed.

You visited 3 branches of the dungeon, and saw 15 of its levels.

You collected 696 gold pieces.
You spent 54 gold pieces at shops.

Inventory:

Hand weapons
 a - a +2 dagger
 b - a +0 blowgun
 B - a +1 short sword of draining (weapon)
 E - a +0 short sword of draining
Missiles
 e - 33 poisoned needles
 F - 6 needles of frenzy
Armour
 c - a +0 robe
 d - a cursed +0 cloak (worn)
 n - a +1 leather armour of cold resistance
 w - a cursed +0 helmet (worn)
 A - the cursed +3 robe of Clouds (worn) {+Fly rElec}
   (You found it on level 5 of the Dungeon)

   It insulates you from electricity.
   It lets you fly.
   It has a curse placed upon it.
 G - a cursed +1 pair of gloves (worn)
Jewellery
 l - an uncursed amulet of stasis
 I - a cursed ring of poison resistance (left hand)
 L - an uncursed ring of flight
 N - a cursed amulet of regeneration (around neck)
 P - an uncursed ring of protection from magic
 S - an uncursed ring of teleport control
Magical devices
 r - a wand of fire (6)
 s - a wand of paralysis (6)
 u - a wand of paralysis (11)
 x - a wand of flame (12)
 y - a wand of digging (17)
 H - a wand of magic darts (17)
 Q - a wand of confusion (22)
Scrolls
 m - 7 scrolls of teleportation
 t - a scroll of amnesia
 v - 7 scrolls of recharging
 C - a scroll of fear
 D - a scroll of identify
 K - 3 scrolls of curse weapon
 M - 2 scrolls of remove curse
Potions
 j - a potion of restore abilities
 o - a potion of curing
 p - 2 potions of cure mutation
 q - a potion of brilliance
 z - a potion of might
Books
 f - an Akashic Record {highlevel}

   This book is beyond your current level of understanding.

   Spells                             Type                      Level
   a - Dispersal                      Translocation                6
   b - Controlled Blink               Translocation                7
   c - Malign Gateway                 Summoning/Translocation      7
   d - Disjunction                    Translocation                8
   e - Singularity                    Translocation                9
 J - a Necronomicon {highlevel}

   This book is beyond your current level of understanding.

   Spells                             Type                      Level
   a - Haunt                          Necromancy/Summoning         7
   b - Borgnjor's Revivification      Necromancy                   8
   c - Death's Door                   Charms/Necromancy            8
   d - Necromutation                  Transmutation/Necromancy     8
Miscellaneous
 O - a phial of floods
Comestibles
 g - 10 meat rations
 h - 4 chunks of flesh
 i - 3 royal jellies
 k - a slice of pizza


   Skills:
 + Level 7.1 Fighting
 + Level 9.7 Short Blades
 - Level 2.6 Throwing
 + Level 11.6(12.8) Dodging
 * Level 17.0(18.1) Stealth
 + Level 5.9(7.4) Evocations


You had 11 spell levels left.
You didn't know any spells.

Dungeon Overview and Level Annotations

Branches:
Dungeon (10/15)            Temple (1/1) D:6             Orc (4/4) D:10
   Lair: D:8-11         Elf: Orc:3-4

Altars:
Ashenzari
Cheibriados
Dithmenos
Elyvilon
Fedhas
Makhleb
Okawaru
Qazlal
Ru
Sif Muna
Trog
Vehumet
Yredelemnul
Zin
The Shining One
Beogh

Shops:
D:6 %   D:8 [   D:10 *   Orc:1 (

Annotations:
D:9 exclusion: obsidian statue
D:10 Ladykiller69's ghost, experienced DgWz


Innate Abilities, Weirdness & Mutations

You are small and have problems with some larger weapons.
You are carnivorous and can eat meat at any time.


Message History

The orc high priest is moderately wounded.
The rust devil closely misses you. The ynoxinul hits you!
The orc warrior completely misses you.
You hit the orc high priest. You drain the orc high priest!
The orc high priest is heavily wounded.
The orc high priest calls down the wrath of Beogh upon you.
Something smites you!
You barely miss the orc high priest.
The orc high priest is heavily wounded.
The ynoxinul misses you. The rust devil hits you.
The rust devil corrodes your equipment! The orc warrior barely misses you.
You closely miss the orc high priest.
The orc high priest is heavily wounded.
The orc high priest calls down the wrath of Beogh upon you.
Something smites you!
* * * LOW HITPOINT WARNING * * *
The rust devil hits you!
* * * LOW HITPOINT WARNING * * *
The rust devil corrodes your equipment! The ynoxinul hits you!
You die...

,* ,######)#..≈^##.#### , ,
#...##.###....# ## ..## *#
#..)##.##.....# ##. ...#
...##.#####'###)###.)### #..
...##...##.......(..)))###.# #..
....#...#####)).(##)##)# ### ##.
....##..##..#).)[#)..#.###### #.
.....#...#..'...o#).)#...)..+,,#.
.........#..####@#####.####.# #.
#.≈....§.####(.4o3§....#))#.####.
)..8o..8)####)####.....#.)'.##8..
)...≈≈§).')))[#..#..⌠..#[)#..+...
...8≈..8o####)'..#.....####.##8..
#..≈≈....####.#.)#..........####.
.)..o....#..#)####.#####§####).#.
.....#...#.§'.P.(..#§).#§...'..#.
....##..##..#.).)#)#)§.#....#.)##


You could see an orc high priest, a rust devil, a ynoxinul and an orc warrior.

Vanquished Creatures
  An orc warlord (Orc:4)
  2 orc high priests (Orc:4)
  2 orc sorcerers (Orc:4)
  An orc knight (Orc:4)
  Maurice (D:8)
  Joseph (Orc:1)
  4 two-headed ogres (Orc:4)
  A troll (Orc:4)
  A deep elf mage (D:9)
  Eustachio (D:4)
  A wyvern (D:9)
  3 wargs
  A water moccasin (D:10)
  The ghost of zkyp the Conjurer, an average DECj of Ashenzari (D:4)
  3 ice beasts
  A wasp (D:10)
  13 ogres
  17 orc warriors
  A sky beast (D:9)
  A black bear (D:8)
  4 centaurs
  Sigmund (D:3)
  Duvessa (D:6)
  4 giant frogs
  A scorpion (D:8)
  2 wyvern skeletons (D:7)
  9 killer bees
  Dowan (D:6)
  2 crimson imps
  A goliath beetle (D:7)
  A quasit (D:10)
  A centaur zombie (D:6)
  A giant frog skeleton (D:4)
  3 hounds
  4 jellies
  2 centaur skeletons
  16 orc priests
  16 orc wizards
  6 iguanas
  4 worker ants
  7 gnolls
  10 adders
  A shadow imp (D:10)
  A giant mite (D:3)
  A worm (D:2)
  2 adder skeletons (D:4)
  3 giant geckos
  147 orcs
  A bat skeleton (D:5)
  20 goblins
  16 hobgoblins
  13 jackals
  5 quokkas
  A ball python (D:2)
  11 bats
  4 giant cockroaches
  6 giant newts
  A jackal zombie (D:5)
  14 kobolds
  An orc skeleton (Orc:4)
  16 rats
418 creatures vanquished.

Vanquished Creatures (others)
  2 orcs (Orc:4)
2 creatures vanquished.

Grand Total: 420 creatures vanquished

Notes
Turn   | Place    | Note
--------------------------------------------------------------
     0 | D:1      | Sorcv, the Kobold Assassin, began the quest for the Orb.
     0 | D:1      | Reached XP level 1. HP: 12/12 MP: 1/1
   336 | D:1      | Reached XP level 2. HP: 17/17 MP: 2/2
   416 | D:1      | Reached skill level 6 in Stealth
   834 | D:2      | Reached XP level 3. HP: 14/21 MP: 3/3
   984 | D:2      | Reached skill level 7 in Stealth
  1018 | D:2      | Found a white marble altar of Elyvilon.
  1046 | D:2      | Found a sacrificial altar of Ru.
  1128 | D:2      | Reached XP level 4. HP: 26/26 MP: 4/4
  1141 | D:2      | Found a stormy altar of Qazlal.
  1486 | D:3      | Found a blossoming altar of Fedhas.
  1486 | D:3      | Found a basalt altar of Yredelemnul.
  1503 | D:3      | Noticed Sigmund
  1515 | D:3      | Killed Sigmund
  1515 | D:3      | Reached skill level 8 in Stealth
  1515 | D:3      | Reached XP level 5. HP: 10/30 MP: 5/5
  1546 | D:3      | Reached skill level 9 in Stealth
  1774 | D:3      | Reached XP level 6. HP: 35/35 MP: 6/6
  1939 | D:4      | Noticed zkyp's ghost (average DECj)
  1980 | D:4      | Killed zkyp's ghost
  1980 | D:4      | Reached skill level 10 in Stealth
  2011 | D:4      | Found a shattered altar of Ashenzari.
  2013 | D:4      | Found a snail-covered altar of Cheibriados.
  2166 | D:4      | Reached XP level 7. HP: 18/40 MP: 7/7
  2184 | D:4      | Noticed Eustachio
  2193 | D:4      | Killed Eustachio
  2193 | D:4      | Reached skill level 11 in Stealth
  2438 | D:4      | Reached skill level 5 in Dodging
  2438 | D:4      | Reached XP level 8. HP: 11/44 MP: 8/8
  2505 | D:5      | Entered Level 5 of the Dungeon
  2513 | D:5      | Found a shadowy altar of Dithmenos.
  2595 | D:5      | Found an iron altar of Okawaru.
  2623 | D:4      | Became a worshipper of Ashenzari the Shackled
  2731 | D:5      | Found a glowing golden altar of the Shining One.
  3173 | D:6      | Reached skill level 12 in Stealth
  3268 | D:6      | Reached XP level 9. HP: 44/48 MP: 9/9
  3368 | D:6      | Found a burning altar of Makhleb.
  3368 | D:6      | Found a glowing silver altar of Zin.
  3369 | D:6      | Noticed an angel
  3369 | D:6      | Noticed a balrug
  3605 | D:6      | Found a staircase to the Ecumenical Temple.
  3610 | Temple   | Entered the Ecumenical Temple
  3625 | D:6      | Found Strit's Food Emporium.
  3666 | D:6      | Noticed Dowan
  3669 | D:6      | Noticed Duvessa
  3680 | D:6      | Killed Duvessa
  3691 | D:6      | Killed Dowan
  4163 | D:7      | Reached skill level 5 in Short Blades
  4341 | D:7      | Reached skill level 10 in Dodging
  4466 | D:8      | Noticed Maurice
  4508 | D:8      | Reached skill level 13 in Stealth
  4514 | D:8      | Found Worgh's Armour Boutique.
  4520 | D:8      | Bought a +0 helmet for 54 gold pieces
  4610 | D:8      | Found a radiant altar of Vehumet.
  4644 | D:8      | Reached XP level 10. HP: 54/56 MP: 10/10
  4707 | D:8      | Killed Maurice
  4742 | D:8      | Found a deep blue altar of Sif Muna.
  4919 | D:9      | Noticed an obsidian statue
  4979 | D:9      | Found a deep blue altar of Sif Muna.
  5061 | D:9      | Reached skill level 14 in Stealth
  5223 | D:9      | Acquired Ashenzari's first power
  5473 | D:10     | Entered Level 10 of the Dungeon
  5490 | D:10     | Found Crargh's Demolitions Depot.
  5710 | D:10     | Noticed Ladykiller69's ghost (experienced DgWz)
  5717 | D:10     | Found a staircase to the Orcish Mines.
  5727 | Orc:1    | Entered Level 1 of the Orcish Mines
  5865 | Orc:1    | Noticed Joseph
  5963 | Orc:1    | Killed Joseph
  5963 | Orc:1    | Reached skill level 5 in Fighting
  5963 | Orc:1    | Reached skill level 1 in Evocations
  6009 | Orc:1    | Reached skill level 15 in Stealth
  6029 | Orc:1    | Found Zynayqyr's Antique Weapon Shoppe.
  6114 | Orc:2    | Found a bloodstained altar of Trog.
  6138 | Orc:2    | Reached XP level 11. HP: 64/64 MP: 14/14
  6278 | Orc:3    | Noticed an orc sorcerer
  6293 | Orc:4    | Entered Level 4 of the Orcish Mines
  6356 | Orc:4    | Noticed an orc knight
  6375 | Orc:4    | Killed an orc knight
  6847 | Orc:4    | Reached skill level 16 in Stealth
  7039 | Orc:4    | Noticed an orc sorcerer
  7106 | Orc:4    | Killed an orc sorcerer
  7302 | Orc:4    | Noticed an orc high priest
  7311 | Orc:4    | Noticed an orc warlord
  7378 | Orc:4    | Killed an orc warlord
  7396 | Orc:4    | Reached skill level 5 in Evocations
  7402 | Orc:4    | Reached XP level 12. HP: 71/71 MP: 20/20
  7450 | Orc:4    | Noticed an orc sorcerer
  7467 | Orc:4    | Noticed an orc high priest
  7564 | Orc:4    | Killed an orc high priest
  7677 | Orc:4    | Killed an orc high priest
  7698 | Orc:4    | Found a roughly hewn altar of Beogh.
  7716 | Orc:4    | Killed an orc sorcerer
  7716 | Orc:4    | Reached skill level 17 in Stealth
  7756 | Orc:4    | Noticed an orc high priest
  7803 | Orc:4    | HP: 2/72 [rust devil[an orc high priest] (7)]
  7803 | Orc:4    | Mangled by a ynoxinul

Action                   |  1- 3 |  4- 6 |  7- 9 | 10-12 || total
-------------------------+-------+-------+-------+-------++-------
Melee: Dagger            |    60 |    70 |    25 |       ||   155
       Short sword       |       |       |   382 |   847 ||  1229
 Fire: Blowgun           |    11 |    34 |    26 |    13 ||    84
 Abil: Evoke Flight      |       |       |     1 |       ||     1
Evoke: Wand              |       |       |     1 |     3 ||     4
  Use: Scroll            |       |     4 |    12 |     8 ||    24
       Potion            |       |     3 |    13 |     2 ||    18
 Stab: Sleeping          |    11 |    10 |    29 |    26 ||    76
       Distracted        |       |       |     1 |     3 ||     4
       Paralysed         |       |       |       |     2 ||     2
  Eat: Chunk             |     4 |     1 |    14 |    17 ||    36
